 Dungeon Crawl Stone Soup version 0.21.1-1-g345015f (webtiles) character file.

245 toucherabbit the Gusty (level 5, -9/39 HPs)
             Began as a Draconian Air Elementalist on Mar 15, 2018.
             Killed by divine providence
             ... invoked by an orc priest
              (13 damage)
             ... on level 3 of the Dungeon.
             The game lasted 00:09:51 (4251 turns).

toucherabbit the Gusty (Draconian Air Elementalist) Turns: 4251, Time: 00:09:52

Health: -9/39      AC:  5    Str: 11    XL:     5   Next: 83%
Magic:  0/10       EV: 12    Int: 16    God:
Gold:   116        SH:  0    Dex: 11    Spells: 9/10 levels left

rFire    . . .     SeeInvis .   (no weapon)
rCold    . . .     Gourm    .   (no shield)
rNeg     . . .     Faith    .   (armour unavailable)
rPois    .         Spirit   +   (helmet restricted)
rElec    .         Reflect  .   (no cloak)
rCorr    .         Harm     .   (no gloves)
MR       .....                  (no boots)
Stlth    ++........             n - amulet of guardian spirit
HPRegen  0.13/turn              (no ring)
MPRegen  0.12/turn              (no ring)

@: no status effects
A: unfitting armour, cold-blooded, AC +5
a: no special abilities


You were on level 3 of the Dungeon.
You were very hungry.

You visited 1 branch of the dungeon, and saw 4 of its levels.

You collected 116 gold pieces.

Inventory:

Jewellery
 n - an amulet of guardian spirit (around neck)
Wands
 i - a wand of digging (14)
Scrolls
 d - a scroll of identify {unknown}
 g - a scroll of amnesia {unknown}
 h - a scroll of teleportation {unknown}
 j - a scroll of enchant armour {unknown}
 k - a scroll of fog {unknown}
 o - a scroll of remove curse {unknown}
Potions
 l - a potion of invisibility {unknown}
 m - a potion of flight {unknown}
Books
 a - a book of Air

   Spells                             Type                      Level
   a - Shock                          Conjuration/Air              1
   b - Swiftness                      Charms/Air                   2
   c - Static Discharge               Conjuration/Air              3
   d - Airstrike                      Air                          4
   e - Lightning Bolt                 Conjuration/Air              5
Comestibles
 b - 11 rations


   Skills:
 + Level 0.3 Fighting
 + Level 1.2 Throwing
 + Level 2.4 Dodging
 + Level 1.9 Stealth
 + Level 0.1 Unarmed Combat
 + Level 3.4 Spellcasting
 + Level 3.0 Conjurations
 + Level 4.0 Air Magic


You had 9 spell levels left.
You knew the following spells:

 Your Spells              Type           Power        Failure   Level  Hunger
a - Shock                 Conj/Air       ##..         4%          1    None


Dungeon Overview and Level Annotations

Branches:
Dungeon (4/15)
 Temple: D:4-7

Altars:
Dithmenos
Fedhas
Nemelex Xobeh


Innate Abilities, Weirdness & Mutations

Your plain brown scales are hard. (AC +5)
You cannot fit into any form of body armour.
You are cold-blooded and may be slowed by cold attacks.


Message History

You throw a javelin. The javelin hits the orc priest.
The orc priest is heavily wounded.
You are feeling very hungry.
The orc priest barely misses you.
Casting: Shock
Confirm with . or Enter, or press ? or * to list all spells.
Aiming: Shock
Press: ? - help, Shift-Dir - straight line, f/p - orc priest
Aim: an orc priest, wielding a club and wearing a leather armour (heavily wounded)
The zap misses the orc priest.
The orc priest hits you with a club.
* * * LOW HITPOINT WARNING * * *
You feel better. The orc priest closely misses you.
The orc priest calls down the wrath of Beogh upon you.
Pain shoots through your body!
* * * LOW HITPOINT WARNING * * *
Things that are here:
a club; a scale mail; an orc corpse The orc priest mumbles some strange prayers to Beogh against you.
Beogh smites you!
You die...

#....####.###+###
#................
##..#####........
#...............
#.#####...).....
#.##.........###
#.###.#.####.###
####.###.#..###.#..
#.@)>..............
###.##o....#.........
#......#####..####.#.
#...................#
#.......###.#...#####
#.......# #.#....####
###.##..###.#.#.....#
#.##(.........#####
#......#.##........


You could see an orc priest.

Vanquished Creatures
  An orc priest (D:4)
  A hound (D:4)
  Jessica (D:2)
  7 adders
  A worm (D:2)
  3 dart slugs
  3 leopard geckos
  6 orcs
  2 ball pythons (D:3)
  5 giant cockroaches
  2 goblins (D:3)
  13 hobgoblins
  11 jackals
  2 quokkas
  7 bats
  2 frilled lizards
  9 kobolds
  2 rats
78 creatures vanquished.

Notes
Turn   | Place    | Note
-------+----------+-------------------------------------------
     0 | D:1      | toucherabbit the Draconian Air Elementalist began the quest for the Orb.
     0 | D:1      | Reached XP level 1. HP: 14/14 MP: 3/3
   117 | D:1      | Reached XP level 2. HP: 18/20 MP: 0/5
   650 | D:2      | Reached XP level 3. HP: 26/26 MP: 3/6
  1443 | D:2      | Found a faded altar of an unknown god.
  1443 | D:2      | Noticed Jessica
  1455 | D:2      | Killed Jessica
  1455 | D:2      | Reached XP level 4. HP: 4/34 MP: 1/7
  1834 | D:2      | Reached skill level 1 in Throwing
  2594 | D:3      | Reached XP level 5. HP: 39/39 MP: 2/8
  3134 | D:3      | Found a sparkling altar of Nemelex Xobeh.
  3359 | D:3      | Found a blossoming altar of Fedhas.
  3697 | D:4      | Found a shadowy altar of Dithmenos.
  4016 | D:3      | Reached skill level 4 in Air Magic
  4251 | D:3      | Killed from afar by an orc priest

Skill      XL: |  1  2  3  4  5 |
---------------+----------------+-----
Dodging        | 2 |  2.4
Conjurations   | 2 3 |  3.0
Throwing       | 1 |  1.2
Spellcasting   | 3 |  3.4
Air Magic      | 4 |  4.0
Fighting       | |  0.3
Stealth        | |  1.9
Unarmed Combat | |  0.1

Action                   |  1- 3 |  4- 6 || total
-------------------------+-------+-------++-------
Melee: Unarmed           |    45 |     7 ||    52
       Tailslap          |     6 |     1 ||     7
Throw: Javelin           |    18 |     4 ||    22
 Cast: Shock             |    72 |   119 ||   191
  Use: Potion            |       |     4 ||     4
  Eat: Chunk             |     3 |     8 ||    11
Armor: Skin              |    46 |    19 ||    65
Dodge: Dodged            |    84 |    40 ||   124
